 Dungeon Crawl Stone Soup version 0.24.0-123-gd5b16e6ec5 (webtiles) character file.

Game seed: 18275016993307247045, levelgen mode: deterministic

546 Notrik the Skirmisher (level 7, 0/66 HPs)
             Began as a Hill Orc Fighter on Feb 7, 2020.
             Killed from afar by an orc wizard (10 damage)
             ... with a puff of flame
             ... on level 4 of the Dungeon.
             The game lasted 00:05:41 (3140 turns).

Notrik the Skirmisher (Hill Orc Fighter)            Turns: 3140, Time: 00:05:42

Health: 0/66       AC:  6    Str: 21      XL:     7   Next: 28%
Magic:  7/7        EV:  7    Int:  6 (8)  God:
Gold:   165        SH:  0    Dex:  8 (10) Spells: 6/6 levels left

rFire    . . .     SeeInvis .   a - +0 war axe
rCold    . . .     Gourm    .   c - +0 shield
rNeg     . . .     Faith    .   b - +0 scale mail
rPois    .         Spirit   .   (no helmet)
rElec    .         Reflect  .   (no cloak)
rCorr    .         Harm     .   (no gloves)
MR       .....                  (no boots)
Stlth    ..........             (no amulet)
HPRegen  0.21/turn              (no ring)
MPRegen  0.10/turn              (no ring)

@: confused
A: no striking features
a: no special abilities


You were on level 4 of the Dungeon.
You were hungry.

You visited 1 branch of the dungeon, and saw 4 of its levels.

You collected 165 gold pieces.

Inventory:

Hand Weapons
 a - a +0 war axe (weapon)
Missiles
 g - a throwing net (quivered) {!f}
Armour
 b - a +0 scale mail (worn)
 c - a +0 shield (worn)
Jewellery
 q - a +6 ring of intelligence {unknown}
   (You found it on level 4 of the Dungeon)
 t - an uncursed amulet of harm {unknown}
   (You found it on level 2 of the Dungeon)
Scrolls
 i - 3 scrolls of magic mapping
 k - 2 scrolls of identify {unknown}
 m - a scroll of blinking {unknown}
 n - 2 scrolls of remove curse {unknown}
 o - 2 scrolls of random uselessness {unknown}
 p - a scroll of enchant weapon {unknown}
 r - a scroll of amnesia {unknown}
Potions
 f - a potion of degeneration {!q}
 h - a potion of lignification {unknown}
 j - a potion of cancellation {unknown}
 l - a potion of curing {unknown}
Comestibles
 d - 2 chunks of flesh
 e - 6 rations {!d}


   Skills:
 * Level 7.3 Fighting
 + Level 5.5 Axes
 - Level 3.2 Armour
 + Level 5.2 Shields


You had 6 spell levels left.
You didn't know any spells.
Your spell library was empty.

Dungeon Overview and Level Annotations

Branches:
Dungeon (4/15)
 Temple: D:4-7

Altars:
Gozag
Okawaru
Xom

Annotations:
D:4 Robin


Message History

The goblin hits you but does no damage. Robin throws the goblin at you!
You slash the goblin!
You kill the goblin!
You hit the goblin. You closely miss something.
The goblin shoots a stone.
You block the stone. You block the goblin's attack.
Something hits you but does no damage. Robin throws the goblin at you!
* * * LOW HITPOINT WARNING * * *
You block the goblin's attack. The goblin hits you but does no damage.
You closely miss the goblin. You hit the goblin but do no damage.
You miss something. You hit the hobgoblin but do no damage.
Something hits you but does no damage. You block Robin's attack.
The hobgoblin hits you but does no damage.
The goblin hits you but does no damage. The goblin hits you with a +0 club.
* * * LOW HITPOINT WARNING * * *
Something hits you but does no damage.
You slash the goblin!
You kill the goblin!
You closely miss the goblin. You hit something but do no damage.
You slash the hobgoblin!
You kill the hobgoblin!
Robin hits you but does no damage. The goblin barely misses you.
You block something's attack. Robin hits you but does no damage.
You block the goblin's attack.
Robin roars a battlecry!
The goblins go into a battle-frenzy!
You see here a +0 dagger.
You closely miss the goblin. You hit the goblin but do no damage.
You barely miss something.
The goblin unwields a +0 hunting sling.
The goblin closely misses you. The goblin hits you but does no damage.
Something completely misses you.
You hit the goblin.
You kill the goblin!
You slash the goblin!
You kill the goblin!
You miss something.
You hear some strange, mumbled words.
Something tries to affect you, but you resist.
You block Robin's attack.
An orc wizard appears from thin air!
Reactivating autopickup.
The orc wizard casts a spell at you.
You are confused.
Robin throws the goblin at you! The goblin hits you but does no damage.
You see here a +0 club.
You're too confused to move!
Robin hits you but does no damage.
The orc wizard gestures at you while chanting.
The puff of flame hits you!
You die... .......##..........##..# .#####.##........###(.# ...# ..###......###..# ##)# ###............# ...# ..##.###.)()## #### ### ######(o#.ggoo.# ######..gg##ggoo... #.......go# ggg....

# ##.P≈≈≈P#.@# .gg.... ##
#.P≈≈≈≈≈♣..# .......
.######..≈≈≈≈≈...# .......
...#..#P≈≈≈≈≈..#.. .......
.........≈≈≈≈≈P##>.
........≈.≈≈P≈.# #.
..(.....≈≈≈≈≈≈.# ..
.......P≈♣≈≈≈≈[## ........
##
........≈.P≈≈≈..##.........
#.#


You could see Robin, 2 orc wizards, a hobgoblin and a goblin.

Vanquished Creatures
  Edmund (D:4)
  A phantom (D:4)
  A hound (D:4)
  2 orc priests
  3 worker ants (D:4)
  3 gnolls (D:2)
  4 adders
  An ooze (D:2)
  An adder skeleton (D:4)
  A worm (D:2)
  8 dart slugs
  A leopard gecko (D:4)
  7 orcs
  6 giant cockroaches
  13 goblins
  9 hobgoblins
  6 jackals
  2 quokkas
  2 ball pythons (D:1)
  3 bats
  3 frilled lizards
  10 kobolds
  A leopard gecko zombie (D:4)
  3 rats
92 creatures vanquished.

Notes
Turn   | Place    | Note
-------+----------+-------------------------------------------
     0 | D:1      | Notrik the Hill Orc Fighter began the quest for the Orb.
     0 | D:1      | Reached XP level 1. HP: 19/19 MP: 1/1
    92 | D:1      | Reached skill level 4 in Fighting
    92 | D:1      | Reached XP level 2. HP: 26/27 MP: 2/2
   155 | D:1      | Reached XP level 3. HP: 33/34 MP: 3/3
   769 | D:2      | Reached XP level 4. HP: 40/41 MP: 4/4
   778 | D:2      | Reached skill level 5 in Fighting
  1064 | D:2      | Found an opulent altar of Gozag.
  1221 | D:2      | Reached XP level 5. HP: 47/48 MP: 5/5
  1523 | D:3      | Found a shimmering altar of Xom.
  2303 | D:4      | Reached skill level 6 in Fighting
  2326 | D:4      | Found an iron altar of Okawaru.
  2342 | D:4      | Reached XP level 6. HP: 41/57 MP: 6/6
  2472 | D:4      | Noticed a phantom
  2499 | D:4      | Killed a phantom
  2499 | D:4      | Reached skill level 5 in Axes
  2538 | D:4      | Noticed Edmund
  2553 | D:4      | Killed Edmund
  2553 | D:4      | Reached skill level 7 in Fighting
  2553 | D:4      | Reached skill level 5 in Shields
  2553 | D:4      | Reached XP level 7. HP: 17/66 MP: 7/7
  3098 | D:4      | Noticed Robin
  3140 | D:4      | Killed from afar by an orc wizard

Levels and vault maps discovered:
D:1:      dpeg_arrival_shrine, layout_basic
D:2:      layout_loops_cross, grunt_gozag_breadcrumbs, first_ration
D:3:      layout_basic, marbit_many_paths, chequers_temple_overflow_minitemple,
          dk_xom_monty_hall
D:4:      layout_cave_pods, okawaru_gym_becter,
          chequers_temple_overflow_statue_of_worship, serial_bayou_pond_b,
          ebering_dispersal_statue_hall, minmay_misc_feat_ornament, uniq_robin,
          uniq_edmund, uniq_duvessa

Skill      XL: |  1  2  3  4  5  6 |
---------------+-------------------+-----
Fighting       | 4 5 6 7 |  7.3
Axes           | 3 4 5 |  5.5
Shields        | 4 5 |  5.2
Armour         | |  3.2

Action                   |  1- 3 |  4- 6 |  7- 9 || total
-------------------------+-------+-------+-------++-------
Melee: War axe           |    58 |   153 |    36 ||   247
  Use: Scroll            |       |     1 |       ||     1
       Potion            |       |     3 |     1 ||     4
  Eat: Chunk             |       |     6 |     1 ||     7
Armor: Scale mail        |    23 |    57 |    28 ||   108
Dodge: Dodged            |    24 |    48 |    17 ||    89
Block: Shield            |    23 |    73 |    22 ||   118
